 Dungeon Crawl Stone Soup version 0.28.0-53-g5a82cb258f (webtiles) character file.

Game seed: 2136433148629710255

4305 sanboga the Cleaver (level 10, -2/64 HPs)
             Began as a Gargoyle Fighter on May 30, 2022.
             Was a Follower of Trog.
             Slain by an orc warrior
             ... wielding a +0 war axe
              (3 damage)
             ... in a bailey.
             The game lasted 00:13:13 (8798 turns).

sanboga the Cleaver (Gargoyle Fighter)              Turns: 8798, Time: 00:13:14

Health: -2/64      AC: 25    Str: 24    XL:     10   Next: 32%
Magic:  10/10      EV:  6    Int: 15    God:    Trog [*.....]
Gold:   35         SH:  5    Dex:  9    Spells: 9/9 levels left

rFire   . . .      SeeInvis +   j - +1 broad axe (elec)
rCold   . . .      Faith    .   c - +0 buckler
rNeg    + . .      Spirit   .   h - +1 plate armour
rPois   ∞          Reflect  .   i - +2 helmet
rElec   +          Harm     .   (no cloak)
rCorr   .          Rampage  .   (no gloves)
Will    +....                   (no boots)
Stlth   ..........              (no amulet)
HPRegen 0.20/turn               q - +6 ring of intelligence
MPRegen 0.12/turn               t - ring "Zepifud" {Will+ SInv}

@: silenced
A: sickness immunity, AC +7, negative energy resistance 1, electricity
resistance, torment resistance 1, petrification resistance
a: Renounce Religion


You were in a bailey.
You worshipped Trog.
Trog was aware of your devotion.
You visited 2 branches of the dungeon, and saw 8 of its levels.
You also visited: Bailey.

You collected 340 gold pieces.
You spent 305 gold pieces at shops.

Inventory:

Hand Weapons
 a - a +0 war axe
 j - a +1 broad axe of electrocution (weapon)
Armour
 c - a +0 buckler (worn)
 h - a +1 plate armour (worn)
 i - a +2 helmet (worn)
Jewellery
 n - a ring of fire
 q - a +6 ring of intelligence (left hand)
 t - the ring "Zepifud" (right hand) {Will+ SInv}
   (You bought it in a shop on level 5 of the Dungeon)

   [ring of willpower]

   SInv:      It lets you see invisible.
   Will:      It increases your willpower.
Wands
 r - a wand of paralysis (8)
Scrolls
 b - a scroll of blinking
 d - 2 scrolls of enchant armour
 e - 5 scrolls of teleportation
 f - 5 scrolls of fear
 m - a scroll of noise
 p - a scroll of summoning
 z - a scroll of acquirement {unknown}
 A - a scroll of fog {unknown}
Potions
 k - 2 potions of curing
 l - a potion of mutation {unknown}
 o - a potion of lignification
 s - a potion of resistance
 u - a potion of flight
 v - a potion of haste
 x - 2 potions of magic {unknown}


   Skills:
 + Level 7.9 Fighting
 * Level 8.8 Axes
 + Level 8.0 Armour
 + Level 7.9 Shields


You had 9 spell levels left.
You didn't know any spells.
Your spell library contained the following spells:

 Spells                   Type           Power      Damage    Failure   Level
 Static Discharge         Conj/Air       0%         N/A       100%        2
 Call Canine Familiar     Summ           0%         N/A       100%        3
 Conjure Flame            Conj/Fire      0%         6-21      100%        3
 Ignite Poison            Fire/Tmut/Pois 0%         N/A       100%        3
 Portal Projectile        Hex/Tloc       0%         N/A       100%        3
 Dispel Undead            Necr           0%         3d6       100%        4
 Leda's Liquefaction      Hex/Erth       0%         N/A       100%        4
 Sticky Flame             Conj/Fire      0%         2d3       100%        4


Dungeon Overview and Level Annotations

Branches:
Dungeon (7/15)             Temple (1/1) D:5          Bailey (1/1)

Altars:
Ashenzari
Elyvilon
Nemelex Xobeh
Qazlal
Ru
Sif Muna
Trog
Vehumet
Wu Jian
Yredelemnul
Zin
The Shining One

Shops:
D:4 (   D:5 !*[*


Innate Abilities, Weirdness & Mutations

You are immune to sickness and miasma.
Your stone body is resilient. (AC +7)
You are immune to poison.
You resist negative energy. (rN+)
You are resistant to electric shocks. (rElec)
You are resistant to unholy torment.
You are immune to petrification.


Message History

You block the orc warrior's attack.
The orc warrior hits your gnoll but does no damage.
You barely miss the orc warrior.
The orc warlord barely misses your gnoll.
You block the orc warrior's attack.
Your gnoll closely misses the orc warrior.
The orc warlord hits your gnoll with a +0 dire flail.
Your gnoll barely misses the orc warrior.
The orc warrior completely misses you.
Okay, then.
You hit the orc warrior but do no damage.
The orc warrior no longer looks unusually strong.
The orc warlord hits your gnoll with a +0 dire flail!
Your gnoll dies!
Your gnoll's corpse dissolves into shadows!
The orc warrior hits you with a +0 war axe.
You slash the orc warrior!
The orc warrior is heavily wounded.
The orc warrior hits you but does no damage.
You closely miss the orc warrior.
The orc warrior is heavily wounded.
The orc warrior closely misses you.
You hit the orc warrior.
Lightning courses through the orc warrior!
The orc warrior is severely wounded.
You hit the orc warlord but do no damage.
The orc warrior no longer looks unusually strong.
The orc warlord hits you with a +0 dire flail!
The orc warrior hits you with a +0 war axe.
The orc warlord hits you with a +0 dire flail!
You barely miss the orc warrior.
The orc warrior is severely wounded.
You closely miss the orc warlord. You slash the orc warrior!
The orc warrior hits you but does no damage.
The orc warrior hits you with a +0 war axe!
A hobgoblin comes into view. It is wielding a +0 hand axe.
The orc warlord hits you with a +0 dire flail!!
* * * LOW HITPOINT WARNING * * *
The orc warrior hits you with a +0 war axe.
You die...

##..∩..## #.......#
##.......##
#.........#
##.........##
#######.....⌠.....#
##.....##[[.......##..
#.......'.).....).'.g.
##.......##)..@o..##
#.........#..goo..#
##.........##88.88##
#.....⌠.....###o###
##.........##


oog #.........# ..o.. ##.......##....... #.)))...#......... ##..)..##.........#
You could see an orc warlord, 4 orc warriors, 2 orcs and 3 hobgoblins.

Vanquished Creatures
  An orc knight (Bailey)
  Maggie (D:6)
  Sigmund (D:4)
  A shadow (D:6)
  3 yaks (D:5)
  Menkaure (D:7)
  3 water moccasins
  3 black bears
  An ice beast (D:7)
  A sky beast (D:6)
  4 orc warriors (Bailey)
  5 ogres
  A centaur (D:5)
  Blork the orc (D:6)
  A bullfrog (D:7)
  A scorpion (D:5)
  A water moccasin zombie (D:6)
  A water moccasin skeleton (D:3)
  6 hounds
  2 jellies (D:6)
  A bullfrog skeleton (D:7)
  A centaur skeleton (D:7)
  5 iguanas
  2 orc wizards
  A killer bee zombie (D:7)
  A hound skeleton (D:5)
  Robin (D:2)
  5 gnolls
  10 adders
  A white imp (D:7)
  An ufetubus (D:7)
  2 worms
  2 dart slugs
  16 orcs
  7 bats
  8 endoplasms
  5 giant cockroaches
  24 goblins
  12 hobgoblins
  8 jackals
  2 quokkas
  2 ball pythons
  4 frilled lizards
  10 kobolds
  A rat (D:1)
171 creatures vanquished.

Vanquished Creatures (collateral kills)
  A gnoll (Bailey)
1 creature vanquished.

Grand Total: 172 creatures vanquished

Notes
Turn   | Place    | Note
-------+----------+-------------------------------------------
     0 | D:1      | sanboga the Gargoyle Fighter began the quest for the Orb.
     0 | D:1      | Reached XP level 1. HP: 14/14 MP: 1/1
   237 | D:1      | Reached XP level 2. HP: 19/19 MP: 2/2
   641 | D:1      | Reached XP level 3. HP: 23/23 MP: 3/3
   913 | D:2      | Noticed Robin
  1373 | D:2      | Killed Robin
  1374 | D:2      | Reached XP level 4. HP: 22/29 MP: 4/4
  2255 | D:3      | Reached XP level 5. HP: 22/33 MP: 5/5
  3109 | D:4      | Reached XP level 6. HP: 38/38 MP: 6/6
  3174 | D:4      | Found Yggy's Weapon Boutique.
  3502 | D:4      | Noticed a black bear
  3513 | D:4      | Killed a black bear
  3663 | D:4      | Noticed Sigmund
  3673 | D:4      | Killed Sigmund
  3674 | D:4      | Reached skill level 5 in Fighting
  3674 | D:4      | Reached skill level 5 in Shields
  3674 | D:4      | Reached XP level 7. HP: 30/44 MP: 7/7
  3782 | D:4      | Reached skill level 5 in Axes
  3782 | D:4      | Reached skill level 5 in Armour
  4308 | D:5      | Entered Level 5 of the Dungeon
  4308 | D:5      | Found Urugier's General Store.
  4316 | D:5      | Reached XP level 8. HP: 3/49 MP: 8/8
  4657 | D:5      | You fall into a shaft and drop 1 floor!
  4678 | D:6      | Noticed a shadow
  4705 | D:5      | Found Qaolanar's Assorted Antiques.
  4710 | D:5      | Bought a flickering brass ring for 125 gold pieces
  4710 | D:5      | Identified the ring "Zepifud" {Will+ SInv} (You bought it
                  | in a shop on level 5 of the Dungeon)
  4710 | D:5      | Bought a scroll labelled KOEHOL ZOBYTEISIU for 25 gold
                  | pieces
  4710 | D:5      | Bought a scroll labelled KOEHOL ZOBYTEISIU for 25 gold
                  | pieces
  4710 | D:5      | Bought a sapphire potion for 22 gold pieces
  4710 | D:5      | Bought a bubbling blue potion for 22 gold pieces
  4752 | D:5      | Noticed a yak
  4752 | D:5      | Noticed a yak
  4752 | D:5      | Noticed a yak
  4844 | D:5      | Killed a yak
  5102 | D:5      | Found Ulakig's Assorted Antiques.
  5104 | D:5      | Found Nuach's Armour Shop.
  5110 | D:5      | Bought a scroll labelled REIFOT ANEAJUR for 19 gold pieces
  5118 | D:5      | Found a staircase to the Ecumenical Temple.
  5135 | Temple   | Entered the Ecumenical Temple
  5192 | Temple   | Became a worshipper of Trog the Wrathful
  5441 | D:5      | Killed a yak
  5445 | D:5      | Killed a yak
  5446 | D:5      | Reached XP level 9. HP: 26/56 MP: 9/9
  5685 | D:5      | Bought a scroll labelled LESYBB IGUUN for 19 gold pieces
  5774 | D:5      | Found Midaext's Distillery.
  6116 | D:5      | Bought a potion of degeneration for 10 gold pieces
  6226 | D:5      | Bought a scroll labelled MOYXIARPHIO for 19 gold pieces
  6589 | D:6      | Noticed Maggie
  6607 | D:6      | Killed Maggie
  7090 | D:6      | Noticed Blork the orc
  7104 | D:6      | Killed Blork the orc
  7414 | D:5      | Bought a scroll labelled VOFIKL SIOTUTH for 19 gold pieces
  8047 | D:7      | Reached XP level 10. HP: 44/63 MP: 10/10
  8135 | D:7      | Noticed Menkaure
  8140 | D:7      | Killed Menkaure
  8161 | D:7      | Found a flagged portal.
  8172 | D:7      | Reached * piety under Trog
  8178 | Bailey   | Entered a bailey
  8464 | Bailey   | Noticed an orc knight
  8491 | Bailey   | Killed an orc knight
  8779 | Bailey   | Noticed an orc warlord
  8798 | Bailey   | HP: 1/64 [orc warlord/+0 dire flail (19)]
  8798 | Bailey   | Slain by an orc warrior

Illustrated notes

Levels and vault maps discovered:
D:1:      psy_arrival_terrarium, layout_loops_cross
D:2:      layout_basic, uniq_robin
D:3:      minmay_diamond_boxcup, layout_rooms, serial_curves, eino_curves_01,
          eino_curves_02, kennysheep_path_1, mrwooster_statue_mirror
D:4:      layout_gridville, serial_shops, nicolae_shop_bloodbath_and_beyond,
          minmay_misc_feat_hallway, minmay_fractal_squares_gapless_5,
          uniq_sigmund
D:5:      layout_gridville, minmay_temple_entry_mist, serial_shops, shop,
          nicolae_shop_window_shopping, shop, shop_fountains, shop
D:6:      layout_gridville, uniq_maggie, uniq_blork_the_orc
D:7:      nicolae_BIG_FREAKIN_CUBE, layout_basic, kennysheep_little_box,
          enter_bailey_4, uniq_menkaure
Temple:   mainiacjoe_temple_coin_purse
Bailey:   bailey_axe_minmay_hex_keep, bailey

Skill      XL: |  1  2  3  4  5  6  7  8  9 10 |
---------------+-------------------------------+-----
Axes           | 2 3 4 5 6 8 |  8.8
Fighting       | 4 5 6 7 |  7.9
Armour         | 4 5 6 7 8 |  8.0
Shields        | 4 5 6 7 |  7.9

Action                   |  1- 3 |  4- 6 |  7- 9 | 10-12 || total
-------------------------+-------+-------+-------+-------++-------
Melee: War axe           |    94 |     3 |       |       ||    97
       Broad axe         |       |   165 |   218 |    77 ||   460
Invok: Berserk           |       |       |       |     1 ||     1
  Use: Potion            |       |     1 |     6 |     2 ||     9
       Scroll            |       |       |     7 |     8 ||    15
 Stab: Invisible         |       |       |     6 |       ||     6
Armor: Scale mail        |    58 |   133 |   187 |    45 ||   423
       Plate armour      |       |       |       |     2 ||     2
Dodge: Dodged            |    47 |    97 |   147 |    33 ||   324
Block: Buckler           |    27 |    40 |    76 |    33 ||   176
